 Dungeon Crawl Stone Soup version 0.29-a0-207-gf982a884d8 (webtiles) character file.

Game seed: 6162160204622689842

2147 sparljo the Spear-Bearer (level 9, -3/68 HPs)
             Began as a Merfolk Gladiator on Feb 23, 2022.
             Killed from afar by an electric eel (4 damage)
             ... with a bolt of electricity
             ... on level 7 of the Dungeon.
             The game lasted 00:16:56 (7405 turns).

sparljo the Spear-Bearer (Merfolk Gladiator)        Turns: 7405, Time: 00:16:57

Health: -3/68      AC: 11    Str: 18    XL:     9   Next: 31%
Magic:  9/9        EV: 28    Int:  8    God:
Gold:   380        SH:  0    Dex: 21    Spells: 8/8 levels left

rFire   . . .      SeeInvis .   a - +0 trident (vamp)
rCold   . . .      Faith    .   (no shield)
rNeg    . . .      Spirit   .   h - +0 scale mail
rPois   .          Reflect  .   c - +0 helmet
rElec   .          Harm     .   g - +2 cloak
rCorr   .          Rampage  .   (no gloves)
Will    .....                   (no boots)
Stlth   +.........              r - amulet of the acrobat
HPRegen 0.21/turn               o - +6 ring of dexterity
MPRegen 0.11/turn               (no ring)

@: acrobatic
A: (nimble swimmer 2), mertail
a: no special abilities


You were on level 7 of the Dungeon.
You visited 1 branch of the dungeon, and saw 7 of its levels.

You collected 380 gold pieces.

Inventory:

Hand Weapons
 a - a +0 vampiric trident (weapon)
Missiles
 e - 9 atropa-tipped darts (quivered)
 n - a throwing net
Armour
 b - a +0 leather armour
 c - a +0 helmet (worn)
 g - a +2 cloak (worn)
 h - a +0 scale mail (worn)
Jewellery
 o - a +6 ring of dexterity (left hand)
 p - a ring of resist corrosion
 r - an amulet of the acrobat (around neck)
 s - the amulet of Birdsong {Faith rCorr Dex+3}
   (You found it on level 5 of the Dungeon)

   [amulet of faith]

   It allows you to gain divine favour quickly.
   Dex:       It affects your dexterity (+3).
   rCorr:     It protects you from acid and corrosion.
Scrolls
 d - a scroll of teleportation
 f - 2 scrolls of fear
 i - 8 scrolls of identify
 k - a scroll of fog
 q - a scroll of vulnerability {unknown}
 v - a scroll of torment {unknown}
Potions
 j - 3 potions of heal wounds
 l - 2 potions of degeneration
 m - 2 potions of flight
 t - 2 potions of curing
 u - a potion of brilliance
 w - 2 potions of cancellation {unknown}
 x - a potion of mutation {unknown}
 z - a potion of resistance {unknown}


   Skills:
 + Level 5.3 Fighting
 + Level 11.0 Polearms
 + Level 2.2 Throwing
 + Level 5.0 Armour
 + Level 6.1 Dodging
 + Level 1.6 Stealth


You had 8 spell levels left.
You didn't know any spells.
Your spell library contained the following spells:

 Spells                   Type           Power      Damage    Failure   Level
 Beastly Appendage        Tmut           0%         N/A       78%         1
 Freeze                   Ice            0%         1d3       78%         1
 Shock                    Conj/Air       0%         1d3       78%         1
 Sting                    Tmut/Pois      0%         1d3       78%         1
 Blink                    Tloc           0%         N/A       89%         2
 Poisonous Vapours        Pois/Air       0%         N/A       89%         2
 Scorch                   Fire           0%         2d5       89%         2
 Wereblood                Tmut           0%         N/A       89%         2
 Frozen Ramparts          Ice            0%         1d2       98%         3
 Spider Form              Tmut/Pois      0%         N/A       98%         3
 Summon Guardian Golem    Hex/Summ       0%         N/A       98%         3
 Swiftness                Air            0%         N/A       98%         3
 Airstrike                Air            0%         N/A       100%        4
 Flame Wave               Conj/Fire      0%         2d4       100%        4
 Hailstorm                Conj/Ice       0%         3d3       100%        4
 Olgreb's Toxic Radiance  Pois           0%         N/A       100%        4
 Manifold Assault         Tloc           0%         N/A       100%        5
 Summon Cactus Giant      Summ           0%         N/A       100%        6
 Orb of Destruction       Conj           0%         9d5       100%        7
 Spellforged Servitor     Conj/Summ      0%         N/A       100%        7
 Storm Form               Tmut/Air       0%         N/A       100%        7


Dungeon Overview and Level Annotations

Branches:
Dungeon (7/15)             Temple (0/1) D:4

Altars:
Ashenzari
Elyvilon
Nemelex Xobeh
Xom
Yredelemnul

Shops:
D:5 *   D:6 [[[


Innate Abilities, Weirdness & Mutations

((You are very nimble when in or above water. (Stealth+, EV+, Speed+++)))
Your lower body shifts to a powerful aquatic tail in water.


Message History

You closely miss the electric eel.
The electric eel is heavily wounded.
The electric eel shoots out a bolt of lightning at you!
The bolt of electricity hits you!
The bolt of electricity hits the plant! x3
You miss the electric eel.
The electric eel is heavily wounded.
The electric eel shoots out a bolt of lightning at you!
The bolt of electricity hits you!
The bolt of electricity hits the plant! x3
You hit the electric eel.
You feel better.
You punch the electric eel.
The electric eel is heavily wounded.
The electric eel shoots out a bolt of lightning at you!
The bolt of electricity hits you!
The bolt of electricity hits the plant! x3
You barely miss the electric eel.
The electric eel is heavily wounded.
You miss the electric eel.
The electric eel is heavily wounded.
A nearby plant withers and dies. x2
You closely miss the electric eel.
The electric eel is heavily wounded.
You barely miss the electric eel.
The electric eel is heavily wounded.
You puncture the electric eel!
You feel better.
You kill the electric eel!
You hear a splash.
Your Armour skill increases to level 5!
Your legs become a tail as you enter the water.
You see here an electric eel corpse.
You now have 380 gold pieces (gained 16).
An electric eel comes into view.
The electric eel shoots out a bolt of lightning at you!
The bolt of electricity hits you. 2 electric eels come into view.
The electric eel shoots out a bolt of lightning at you!
The bolt of electricity hits you!
* * * LOW HITPOINT WARNING * * *
The bolt of electricity hits you!
* * * LOW HITPOINT WARNING * * *
The electric eel shoots out a bolt of lightning at you!
The bolt of electricity hits you.
You die... ......... .≈≈≈≈≈ ≈≈≈≈≈≈≈.♣# #♣≈≈≈≈≈ ≈≈≈≈≈P.≈♣ #≈≈≈≈≈≈ ♣≈P≈≈.≈♣♣ #≈≈≈P≈S ♣≈≈≈.≈≈♣ # ≈≈P≈≈ ♣≈≈≈.≈P♣ # #S≈ ≈PS

♣≈≈≈.≈≈♣♣##
#≈≈≈♣≈♣♣####♣P≈†.≈≈≈##.
♣≈≈.@......≈≈≈.≈♣≈.'.
....P#.#######≈≈≈.≈♣♣##.
### #. #≈≈≈.≈♣♣### ..
♣≈P≈.≈♣≈### .##
♣≈≈≈.P≈≈≈.. #.
#♣≈≈≈.≈≈≈≈## .
#P≈≈≈.≈≈≈♣# ##
#≈P≈≈.≈≈≈≈# ##PP≈.≈≈P≈#


You could see 3 electric eels.

Vanquished Creatures
  A centaur zombie (D:7)
  Sigmund (D:4)
  2 water moccasins
  A sky beast (D:5)
  An ogre (D:4)
  3 phantoms
  2 wyvern zombies (D:6)
  3 scorpions
  An electric eel (D:7)
  A jelly (D:7)
  A bullfrog zombie (D:6)
  A gnoll shaman (D:5)
  2 orc priests (D:5)
  5 hounds
  3 iguanas (D:5)
  A killer bee zombie (D:7)
  2 howler monkey skeletons (D:6)
  10 gnolls
  8 adders
  4 white imps
  2 ufetubi
  3 worms
  7 orcs
  4 bats
  7 endoplasms
  3 giant cockroaches
  7 goblins
  5 hobgoblins
  13 jackals
  6 kobolds
  3 quokkas
  7 ball pythons
  A frilled lizard (D:1)
  5 rats
126 creatures vanquished.

Vanquished Creatures (others)
  8 plants (D:7)
8 creatures vanquished.

Grand Total: 134 creatures vanquished

Notes
Turn   | Place    | Note
-------+----------+-------------------------------------------
     0 | D:1      | sparljo the Merfolk Gladiator began the quest for the Orb.
     0 | D:1      | Reached XP level 1. HP: 16/16 MP: 1/1
   232 | D:1      | Reached XP level 2. HP: 22/22 MP: 2/2
   284 | D:1      | Found a faded altar of an unknown god.
   546 | D:1      | Reached XP level 3. HP: 13/28 MP: 3/3
  1140 | D:2      | Reached skill level 5 in Polearms
  1337 | D:2      | Reached XP level 4. HP: 25/34 MP: 4/4
  1541 | D:2      | Reached skill level 1 in Armour
  1937 | D:2      | Reached XP level 5. HP: 36/39 MP: 5/5
  2125 | D:2      | Reached skill level 6 in Polearms
  3223 | D:4      | Noticed Sigmund
  3243 | D:4      | Killed Sigmund
  3244 | D:4      | Reached skill level 7 in Polearms
  3244 | D:4      | Reached skill level 5 in Dodging
  3244 | D:4      | Reached XP level 6. HP: 39/46 MP: 6/6
  3313 | D:4      | Found a white marble altar of Elyvilon.
  3624 | D:4      | Found a staircase to the Ecumenical Temple.
  3657 | D:4      | Reached XP level 7. HP: 17/52 MP: 7/7
  4526 | D:4      | Reached skill level 8 in Polearms
  5107 | D:5      | Entered Level 5 of the Dungeon
  5523 | D:6      | Found a shimmering altar of Xom.
  5565 | D:6      | Found Apsykhle's Antique Armour Boutique.
  5645 | D:6      | Reached skill level 9 in Polearms
  5645 | D:6      | Reached XP level 8. HP: 56/60 MP: 8/8
  5693 | D:6      | Found a sparkling altar of Nemelex Xobeh.
  5750 | D:6      | Reached skill level 1 in Stealth
  5851 | D:6      | Found Carel's Antique Armour Emporium.
  5855 | D:6      | Found a basalt altar of Yredelemnul.
  5858 | D:6      | Found Lidub's Armour Boutique.
  6256 | D:5      | Found a broken altar of Ashenzari.
  6260 | D:5      | You fall into a shaft and drop 1 floor!
  6393 | D:5      | Identified the amulet of Birdsong {Faith rCorr Dex+3}
  6515 | D:5      | Reached skill level 10 in Polearms
  6583 | D:5      | Found Jami's General Store.
  6949 | D:7      | Reached XP level 9. HP: 67/67 MP: 9/9
  7119 | D:7      | Reached skill level 5 in Fighting
  7119 | D:7      | Reached skill level 11 in Polearms
  7394 | D:7      | Reached skill level 5 in Armour
  7405 | D:7      | HP: 1/68 [electric eel/bolt of electricity (7)]
  7405 | D:7      | Killed from afar by an electric eel

Illustrated notes

Levels and vault maps discovered:
D:1:      saegor_arrival_simple_c, layout_loops_ring,
          ebering_ecumenical_altar_petrified
D:2:      kennysheep_big_flooded_room, layout_loops_corners, serial_aquarium,
          aquarium_bridge_straight [aquarium_subvault_bridge,
          aquarium_subvault_wall, aquarium_subvault_bridge,
          aquarium_subvault_wall], aquarium_bridge_square
          [aquarium_subvault_bridge, aquarium_subvault_bridge,
          aquarium_subvault_bridge, aquarium_subvault_window],
          aquarium_window_2, aquarium_window_fake, aquarium_view_2b,
          aquarium_view_2d, kennysheep_generic_room_13
D:3:      minmay_razor_zed, layout_basic
D:4:      layout_basic, elyvilon_altar_5, minmay_temple_entry_statues_fountains,
          uniq_sigmund
D:5:      layout_cave_pools, nicolae_ashenzari_panopticon, serial_shops,
          nicolae_shop_statue_plus
D:6:      layout_loops_ring, nemelex_xobeh_ov_fountains_minmay,
          mainiacjoe_overflow_catwalk, overflow_temple_1_default, serial_shops,
          shop, nicolae_shop_hallway_plus, shop_fountains
D:7:      layout_loops_corners, serial_bayou_lagoon_b

Skill      XL: |  1  2  3  4  5  6  7  8  9 |
---------------+----------------------------+-----
Polearms       | 5 7 9 10 11 | 11.0
Armour         | 1 2 3 4 5 |  5.0
Dodging        | 5 6 |  6.1
Fighting       | 3 4 5 |  5.3
Stealth        | 1 |  1.6
Throwing       | |  2.2

Action                   |  1- 3 |  4- 6 |  7- 9 || total
-------------------------+-------+-------+-------++-------
Melee: Trident           |    91 |   156 |   176 ||   423
       Punch             |     1 |     3 |     2 ||     6
Throw: Throwing net      |       |     4 |       ||     4
  Use: Scroll            |     3 |     4 |     4 ||    11
       Potion            |       |     6 |     3 ||     9
Armor: Leather armour    |    14 |       |       ||    14
       Scale mail        |    16 |    51 |    70 ||   137
Dodge: Dodged            |    80 |    89 |    88 ||   257

Table legend: (Time is in decaauts)
 A = Elapsed time spent in this place.
 B = Non-inter-level travel time spent in this place.
 C = Inter-level travel time spent in this place.
 D = Time resting spent in this place.
 E = Time spent auto-exploring this place.
 F = Levels seen in this place.
 G = Mean time per level.
                   A        B        C        D        E       F      G
               +--------+--------+--------+--------+--------+-----+--------+
         Total |   7350 |   7168 |    182 |    418 |   4469 |   7 | 1050.0 |
       Dungeon |   7350 |   7168 |    182 |    418 |   4469 |   7 | 1050.0 |
               +--------+--------+--------+--------+--------+-----+--------+

Top non-repeatable levels by time:
     D:4: 1998 daAuts
     D:2: 1479 daAuts
     D:1: 1057 daAuts
     D:6: 990 daAuts
     D:3: 635 daAuts
     D:7: 627 daAuts
     D:5: 562 daAuts
